AoeStats
← fishbonestew

Arabia

509157002Analyzed
1v1 RM · 7d ago on Sep 25, 2026· 13m 2s· 2 players
Game mode
Random Map
Map size
Tiny (2 player)
Population
200
Speed
Normal
Resources
Standard
Victory
Conquest
Starting age
Dark Age
Ending age
Imperial Age
RankedLock teamsTeams togetherTeam positionsShared explorationLock speedFull tech treeHidden civsTurbo modeCheats
Victory
Defeat
🇺🇸 Danes · United States
1086
+17
🇬🇧 Japanese · United Kingdom
1113
-17
fishbonestew
6:59 Loom
9:38 Feudal Age
10:12 Man-at-Arms
10:52 Double-Bit Axe
ryarrow
7:01 Loom
9:35 Feudal Age
9:39 Man-at-Arms
10:39 Double-Bit Axe
Connection lost

Rejoining the realm…

Still unreachable

The connection could not be restored.

Session expired

The server has moved on; the page needs a fresh start.